 Dungeon Crawl Stone Soup version 0.27-a0-1065-ge809cff456 (webtiles) character file.

Game seed: 12498490385293503029

537 funkygono the Firebug (level 7, 0/36 HPs)
             Began as a Gargoyle Fire Elementalist on Apr 23, 2021.
             Slain by a yak (9 damage)
             ... on level 4 of the Dungeon on Apr 24, 2021.
             The game lasted 00:09:46 (5310 turns).

funkygono the Firebug (Gargoyle Fire Elementalist)  Turns: 5310, Time: 00:09:46

Health: 0/36       AC:  9    Str: 12    XL:     7   Next: 25%
Magic:  9/14       EV: 12    Int: 17    God:
Gold:   194        SH:  0    Dex: 10    Spells: 2/15 levels left

rFire    . . .     SeeInvis .   c - +0 short sword
rCold    + . .     Faith    .   (no shield)
rNeg     + . .     Spirit   .   a - +0 robe
rPois    ∞         Reflect  .   (no helmet)
rElec    +         Harm     .   g - +2 cloak
rCorr    +         Rampage  .   (no gloves)
Will     .....                  (no boots)
Stlth    ++........             l - amulet of the acrobat
HPRegen  0.12/turn              k - ring of protection from cold
MPRegen  0.14/turn              m - ring of resist corrosion

@: no status effects
A: AC +4, negative energy resistance 1, electricity resistance, torment
resistance 1, unbreathing 1, petrification resistance
a: no special abilities


You were on level 4 of the Dungeon.
You visited 1 branch of the dungeon, and saw 5 of its levels.

You collected 194 gold pieces.

Inventory:

Hand Weapons
 c - a +0 short sword (weapon)
 e - a +0 whip
Missiles
 d - 133 stones
Armour
 a - a +0 robe (worn)
 g - a +2 cloak (worn)
 h - a +0 ring mail
Jewellery
 k - a ring of protection from cold (left hand)
 l - an amulet of the acrobat (around neck)
 m - a ring of resist corrosion (right hand)
Potions
 b - 2 potions of mutation {unknown}
 f - 5 potions of curing
 i - 3 potions of heal wounds


   Skills:
 + Level 0.1 Fighting
 + Level 0.3 Short Blades
 + Level 2.0 Dodging
 - Level 2.1 Stealth
 * Level 4.7 Spellcasting
 * Level 3.8 Conjurations
 * Level 5.0 Fire Magic


You had 2 spell levels left.
You knew the following spells:

 Your Spells              Type           Power      Damage    Failure   Level
a - Foxfire               Conj/Fire      76%        2x1d7     2%          1
b - Conjure Flame         Conj/Fire      19%        6-21      7%          3
c - Sticky Flame          Conj/Fire      19%        2d4       22%         4
d - Fireball              Conj/Fire      9%         3d6       54%         5

Your spell library contained the following spells:

 Spells                   Type           Power      Damage    Failure   Level
 Animate Skeleton         Necr           8%         N/A       14%         1
 Apportation              Tloc           8%         N/A       14%         1
 Corona                   Hex            4%         N/A       14%         1
 Pain                     Necr           16%        1d4       14%         1
 Summon Small Mammal      Summ           16%        N/A       14%         1
 Inner Flame              Hex/Fire       12%        N/A       16%         3
 Vampiric Draining        Necr           2%         2d6       41%         3
 Animate Dead             Necr           2%         N/A       82%         4
 Agony                    Necr           4%         N/A       99%         5


Dungeon Overview and Level Annotations

Branches:
Dungeon (5/15)
 Temple: D:4-7

Altars:
Elyvilon
Wu Jian
Zin


Innate Abilities, Weirdness & Mutations

Your stone body is resilient. (AC +4)
You are immune to poison.
You resist negative energy. (rN+)
You are resistant to electric shocks. (rElec)
You are resistant to unholy torment.
You can survive without breathing.
You are immune to petrification.


Message History

Confirm with . or Enter, or press ? or * to list all spells.
You conjure some foxfire!
The yak gores you!
Casting: Foxfire (safe; 2% risk of failure)
Confirm with . or Enter, or press ? or * to list all spells.
You conjure some foxfire!
The foxfire hits the yak but does no damage.
The foxfire hits the yak!
The yak is lightly wounded.
The yak gores you.
* * * LOW HITPOINT WARNING * * *
The foxfire hits the yak.
The yak is moderately wounded.
The yak completely misses you. The yak barely misses you.
Casting: Foxfire (safe; 2% risk of failure)
Confirm with . or Enter, or press ? or * to list all spells.
You conjure some foxfire!
The yak gores you.
* * * LOW HITPOINT WARNING * * *
The foxfire hits the yak.
The yak is moderately wounded.
The foxfire hits the yak.
The yak is heavily wounded.
Casting: Foxfire (safe; 2% risk of failure)
Confirm with . or Enter, or press ? or * to list all spells.
You conjure some foxfire!
The yak closely misses you.
The foxfire hits the yak but does no damage.
The yak is heavily wounded.
The foxfire hits the yak.
The yak is heavily wounded.
Casting: Foxfire (safe; 2% risk of failure)
Confirm with . or Enter, or press ? or * to list all spells.
You conjure some foxfire!
The yak misses you.
The foxfire hits the yak.
The yak is severely wounded.
The foxfire hits the yak.
The yak is severely wounded.
Casting: Foxfire (safe; 2% risk of failure)
Confirm with . or Enter, or press ? or * to list all spells.
You conjure some foxfire!
The yak gores you!
You die...

#####.#...# ##.####
##.##.... #.#...##
#....## #....... #......#
####..######....
####...#######....###...#
##......######.......#
#..###....# #####....
##.######.### ##.>..
#.v.# #...## #...#.
###@######..###.#.##
#Yv..# ##.......##
#....###..........
#....#.....##.#...
#........##...###.
#.....#####.### ##
#...........## #
######....#####...#####
#..........###..#.....#


You could see a yak (ally target).

Vanquished Creatures
  A sky beast (D:3)
  A centaur (D:5)
  A wyvern zombie (D:4)
  A howler monkey (D:5)
  A hound (D:5)
  A jelly (D:4)
  An iguana (D:5)
  Terence (D:3)
  3 gnolls
  6 adders
  An ufetubus (D:5)
  2 worms
  2 dart slugs
  2 orcs
  A ball python (D:4)
  5 endoplasms
  6 giant cockroaches
  5 goblins
  4 hobgoblins
  4 jackals
  7 quokkas
  2 bats (D:1)
  2 frilled lizards
  7 kobolds
  3 rats
70 creatures vanquished.

Vanquished Creatures (others)
  338 foxfires
338 creatures vanquished.

Grand Total: 408 creatures vanquished

Notes
Turn   | Place    | Note
-------+----------+-------------------------------------------
     0 | D:1      | funkygono the Gargoyle Fire Elementalist began the quest
                  | for the Orb.
     0 | D:1      | Reached XP level 1. HP: 10/10 MP: 3/3
    62 | D:1      | Found a faded altar of an unknown god.
   245 | D:1      | Reached XP level 2. HP: 15/15 MP: 0/5
  1103 | D:2      | Reached XP level 3. HP: 13/19 MP: 1/6
  1568 | D:2      | Found a glowing silver altar of Zin.
  2187 | D:2      | Learned a level 3 spell: Conjure Flame
  2227 | D:3      | Found an ornate altar of the Wu Jian Council.
  2234 | D:3      | Reached skill level 4 in Fire Magic
  2234 | D:3      | Reached XP level 4. HP: 22/24 MP: 4/7
  2552 | D:3      | Noticed a sky beast
  2573 | D:3      | Killed a sky beast
  2574 | D:3      | Reached XP level 5. HP: 19/28 MP: 1/9
  2685 | D:3      | Learned a level 4 spell: Sticky Flame
  2841 | D:3      | Noticed Terence
  2853 | D:3      | Killed Terence
  4079 | D:4      | Reached XP level 6. HP: 14/32 MP: 1/12
  4140 | D:4      | Learned a level 5 spell: Fireball
  4646 | D:4      | Found a white marble altar of Elyvilon.
  4781 | D:5      | Entered Level 5 of the Dungeon
  4881 | D:5      | Reached XP level 7. HP: 28/36 MP: 6/13
  5043 | D:5      | Noticed a yak
  5125 | D:5      | Reached skill level 5 in Fire Magic
  5221 | D:5      | Noticed a yak
  5222 | D:5      | Noticed a yak
  5223 | D:5      | Noticed a yak
  5223 | D:5      | Noticed a yak
  5230 | D:5      | Noticed a yak
  5310 | D:4      | Slain by a yak

Illustrated notes

Levels and vault maps discovered:
D:1:      giann_horns, layout_basic, shapermc_ecumenical_altar_totnotflames,
          st_stairs_1, minmay_misc_feat_hallway
D:2:      layout_loops_ring, basic_altar, minmay_crystal_water
D:3:      layout_basic, nicolae_wu_jian_immortal_techniques, uniq_terence
D:4:      layout_rooms, elyvilon_altar_1
D:5:      layout_loops_ring, kennysheep_little_box,
          minmay_temple_entry_drinking_statues

Skill      XL: |  1  2  3  4  5  6  7 |
---------------+----------------------+-----
Conjurations   | 2 3 |  3.8
Fire Magic     | 4 5 |  5.0
Spellcasting   | 3 4 |  4.7
Dodging        | 2 |  2.0
Fighting       | |  0.1
Short Blades   | |  0.3
Stealth        | |  2.1

Action                   |  1- 3 |  4- 6 |  7- 9 || total
-------------------------+-------+-------+-------++-------
Melee: Short sword       |     9 |     5 |       ||    14
 Cast: Foxfire           |    74 |   105 |    21 ||   200
       Conjure Flame     |       |       |     1 ||     1
  Use: Scroll            |     4 |     5 |       ||     9
Armor: Robe              |     6 |    17 |     2 ||    25
Dodge: Dodged            |     7 |    24 |     9 ||    40

Table legend: (Time is in decaauts)
 A = Elapsed time spent in this place.
 B = Non-inter-level travel time spent in this place.
 C = Inter-level travel time spent in this place.
 D = Time resting spent in this place.
 E = Time spent auto-exploring this place.
 F = Levels seen in this place.
 G = Mean time per level.
                   A        B        C        D        E       F      G
               +--------+--------+--------+--------+--------+-----+--------+
         Total |   5311 |   5169 |    142 |     51 |   4432 |   5 | 1062.2 |
       Dungeon |   5311 |   5169 |    142 |     51 |   4432 |   5 | 1062.2 |
               +--------+--------+--------+--------+--------+-----+--------+

Top non-repeatable levels by time:
     D:3: 1648 daAuts
     D:2: 1120 daAuts
     D:1: 1091 daAuts
     D:4: 937 daAuts
     D:5: 514 daAuts
